Canadiens vs Sabres
Created - 3 mars 2013 at 19:05
Goals
|
| Canadiens |
0 |
1 |
2 |
3 |
| Sabres |
3 |
3 |
0 |
6 |
|
Shots
|
| Canadiens |
3 |
11 |
15 |
29 |
| Sabres |
12 |
15 |
6 |
33 |
|
1st period
1. Sabres , Markus Naslund 27 (Paul Gaustad) at 8:44
2. Sabres , Daniel Alfredsson 12 (Markus Naslund, Mattias Timander) at 17:59 (PP)
3. Sabres , Jason Smith 4 (Boyd Devereaux, Michal Rozsival) at 19:44
Penalties :
Niclas Havelid (Buf) for Hooking (Minor) at 9:53, Brendan Morrison (Buf) for Hooking (Minor) at 14:22, Michel Ouellet (Mon) for Hooking (Minor) at 16:39
2nd period
4. Sabres , Paul Gaustad 8 (Ole-Kristian Tollefsen, Niclas Havelid) at 1:20
5. Canadiens , Jeff Woywitka 2 (Tomas Holmstrom) at 3:20 (PP)
6. Sabres , Daniel Alfredsson 13 (Brendan Morrison, Michal Rozsival) at 9:59
7. Sabres , Chris Simon 6 (Daniel Cleary, Jason Smith) at 13:45
Penalties :
Paul Gaustad (Buf) for Interference (Minor) at 1:42, Mattias Timander (Buf) for Holding (Minor) at 6:02, Markus Naslund (Buf) for Fighting (Major) at 13:11, Robert Nilsson (Mon) for Fighting (Major) at 13:11, Niclas Bergfors (Buf) for Fighting (Major) at 13:14, Éric Desjardins (Mon) for Fighting (Major) at 13:14, Paul Gaustad (Buf) for High sticking (Minor) at 13:33, Marek Svatos (Mon) for Tripping (Minor) at 13:33
3rd period
8. Canadiens , Robert Nilsson 26 (Viktor Kozlov) at 11:03
9. Canadiens , Viktor Kozlov 13 (Robert Nilsson) at 11:27
Penalties :
Richard Zednik (Mon) for High sticking (Minor) at 1:30, Brendan Morrison (Buf) for Roughing (Minor) at 2:40, Ryan Bayda (Mon) for Hooking (Minor) at 5:34, Daniel Cleary (Buf) for Holding (Minor) at 5:37, Ryan Bayda (Mon) for Tripping (Minor) at 10:35, Daniel Cleary (Buf) for Boarding (Minor) at 10:47, Jason Smith (Buf) for Hooking (Minor) at 14:19
Goalie Stats
Kari Lehtonen (Mon), 11 saves from 15 shots - (0,733), L, 13-14-4, 21:20 minutes
Mikael Tellqvist (Mon), 16 saves from 18 shots - (0,889), 38:40 minutes
Michal Neuvirth (Buf), 26 saves from 29 shots - (0,897), W, 1-0-0, 60:00 minutes
Players Stats for Canadiens
Player Name G A P +/- PIM S H SB GA TA FO MP PP MP PK MP
------------------------------------------------------------------------------------
Alexei Yashin 0 0 0 0 0 1 1 0 0 0 4/6 11:04 0:02 0:35
Éric Desjardins 0 0 0 -1 5 2 1 0 1 1 0/0 27:15 6:46 1:31
Jeff Woywitka 1 0 1 -2 0 5 1 2 0 3 0/0 30:54 5:49 1:31
Marek Svatos 0 0 0 -2 2 4 1 1 0 0 0/2 18:44 4:59 0:00
Mark Stuart 0 0 0 0 0 0 0 2 0 0 0/0 12:35 0:00 1:14
Michel Ouellet 0 0 0 -2 2 0 2 0 1 0 0/0 7:54 0:11 0:00
Mike York 0 0 0 -2 0 1 2 0 0 0 0/0 20:41 5:01 0:44
Patrick Eaves 0 0 0 0 0 1 1 0 0 0 0/0 8:31 0:00 0:00
Richard Zednik 0 0 0 0 2 1 1 0 0 0 0/0 15:10 5:35 0:00
Robert Nilsson 1 1 2 0 5 5 1 0 1 3 15/40 22:01 4:48 1:39
Ryan Bayda 0 0 0 -2 4 0 1 0 0 0 1/1 9:36 0:14 0:38
Ryane Clowe 0 0 0 0 0 0 1 1 0 0 0/1 11:35 0:18 0:00
Shane O'Brien 0 0 0 -2 0 1 2 3 0 1 0/0 22:00 3:19 0:00
Tomas Holmstrom 0 1 1 0 0 4 1 0 2 1 1/2 13:37 5:18 0:00
Tomas Kloucek 0 0 0 0 0 0 0 0 0 0 0/0 4:09 0:54 0:00
Tyler Arnason 0 0 0 -3 0 1 0 2 0 0 4/6 10:24 0:57 0:00
Tyler Sloan 0 0 0 -1 0 1 2 1 0 0 0/0 22:10 5:10 1:14
Viktor Kozlov 1 1 2 1 0 2 4 0 2 0 4/8 22:17 5:34 1:54
Players Stats for Sabres
Player Name G A P +/- PIM S H SB GA TA FO MP PP MP PK MP
------------------------------------------------------------------------------------
Boyd Devereaux 0 1 1 1 0 2 1 0 1 0 3/5 14:44 0:00 3:47
Brendan Morrison 0 1 1 -1 4 3 1 0 0 1 13/19 19:17 1:26 3:27
Chris Simon 1 0 1 2 0 2 2 0 1 0 0/0 10:41 0:00 1:29
Curtis Glencross 0 0 0 1 0 2 4 1 1 0 0/1 9:48 0:00 0:00
Daniel Alfredsson 2 0 2 -1 0 4 2 1 2 1 2/3 21:52 1:18 4:48
Daniel Cleary 0 1 1 2 4 1 0 1 0 0 3/5 13:10 0:57 0:00
Jason Smith 1 1 2 1 2 1 1 2 0 2 0/0 25:22 0:53 5:03
Ladislav Smid 0 0 0 1 0 1 1 0 1 0 0/0 16:08 0:00 4:29
Markus Naslund 1 1 2 1 5 9 2 2 0 0 1/1 18:36 1:18 4:59
Mats Sundin 0 0 0 0 0 0 0 1 0 0 1/1 0:44 0:00 0:00
Mattias Timander 0 1 1 1 2 0 0 1 0 0 0/0 16:41 1:52 1:27
Michal Rozsival 0 2 2 1 0 0 3 0 1 0 0/0 26:13 0:53 6:13
Niclas Bergfors 0 0 0 1 5 1 0 0 2 0 3/5 12:48 1:27 0:01
Niclas Havelid 0 1 1 1 2 1 0 0 0 0 0/0 18:18 1:52 0:31
Niklas Sundstrom 0 0 0 1 0 2 1 0 0 0 0/0 9:26 0:19 0:00
Ole-Kristian Tollefsen 0 1 1 1 0 0 3 0 0 3 0/0 17:38 0:00 4:15
Paul Gaustad 1 1 2 2 4 3 1 0 0 0 10/25 20:07 1:27 3:27
Sean Avery 0 0 0 1 0 1 1 0 0 0 1/1 10:46 0:00 0:00
3 Stars
1 - Viktor Kozlov (Mon)
2 - Daniel Alfredsson (Buf)
3 - Chris Simon (Buf)
Power Play
Canadiens - 1 on 8 Attempt(s) - 12,50%
Sabres - 1 on 4 Attempt(s) - 25,00%
Penalty Kill
Canadiens - 3 on 4 Attempt(s) - 75,00%
- Score 0 goal in Penalty Kill
Sabres - 7 on 8 Attempt(s) - 87,50%
- Score 0 goal in Penalty Kill
Official
Referees : O'Halloran Dan and Walkom Stephen
Linesman : Pierre Racicot and Greg Devorski
Game Notes
Mats Sundin is injured at 2:46 of 1st period (Sprained Left Ankle)
Tomas Kloucek is injured at 13:38 of 1st period (Bruised Right Shoulder)
Mikael Tellqvist enters game at 1:20 of 2nd period
9:59 of 2nd period - Sabres goal is going for a video replay. After video review, Goal.
Markus Naslund and Robert Nilsson fight to a draw at 13:11 of 2nd period
Niclas Bergfors beats up Éric Desjardins at 13:14 of 2nd period
Finance
Level 1 -- Attendance: 5468 (91,13%) -- Ticket Income 481 184 $
Level 2 -- Attendance: 4304 (86,08%) -- Ticket Income 241 024 $
Level 3 -- Attendance: 1946 (97,30%) -- Ticket Income 62 272 $
Level 4 -- Attendance: 2625 (65,63%) -- Ticket Income 60 375 $
Luxury Box -- Attendance: 934 (93,40%) -- Ticket Income 173 724 $
Game was played at the Duff Garden
Total Attendance: 15277 (84,87%)
Total Ticket Income: 1 018 579 $
Total Income: 1 018 579 $
Canadiens
5 vs 5 Forward
Center Left Wing Right Wing Time % Phy DF OF
1 Robert Nilsson Mike York Marek Svatos 40 1 2 2
2 Viktor Kozlov Ryane Clowe Richard Zednik 30 1 2 2
3 Alexei Yashin Tomas Holmstrom Patrick Eaves 20 1 2 2
4 Tyler Arnason Ryan Bayda Michel Ouellet 10 1 2 2
5 vs 5 Defense
Defense Defense Time % Phy DF OF
1 Éric Desjardins Jeff Woywitka 40 1 2 2
2 Tomas Kloucek Tyler Sloan 30 1 2 2
3 Shane O'Brien Mark Stuart 20 1 2 2
4 Éric Desjardins Jeff Woywitka 10 1 2 2
PowerPlay Forward
Center Left Wing Right Wing Time % Phy DF OF
1 Robert Nilsson Mike York Marek Svatos 60 1 2 2
2 Viktor Kozlov Tomas Holmstrom Richard Zednik 40 1 2 2
PowerPlay Defense
Defense Defense Time % Phy DF OF
1 Éric Desjardins Jeff Woywitka 60 1 2 2
2 Tomas Kloucek Tyler Sloan 40 1 2 2
Penalty Kill 4 Players Forward
Center Wing Time % Phy DF OF
1 Robert Nilsson Viktor Kozlov 60 1 2 2
2 Mike York Alexei Yashin 40 1 2 2
Penalty Kill 4 Players Defense
Defense Defense Time % Phy DF OF
1 Éric Desjardins Jeff Woywitka 60 1 2 2
2 Tomas Kloucek Tyler Sloan 40 1 2 2
Penalty Kill - 3 Players Forward
Forward Time % Phy DF OF
1 Robert Nilsson 60 1 2 2
2 Viktor Kozlov 40 1 2 2
Penalty Kill - 3 Players Defense
Defense Defense Time % Phy DF OF
1 Éric Desjardins Jeff Woywitka 60 1 2 2
2 Tomas Kloucek Tyler Sloan 40 1 2 2
4 vs 4 Forward
Center Wing Time % Phy DF OF
1 Robert Nilsson Viktor Kozlov 60 1 2 2
2 Mike York Alexei Yashin 40 1 2 2
4 vs 4 Defense
Defense Defense Time % Phy DF OF
1 Éric Desjardins Jeff Woywitka 60 1 2 2
2 Tomas Kloucek Tyler Sloan 40 1 2 2
Last Minutes Offensive
Center Left Wing Right Wing Defense Defense
Robert Nilsson Mike York Marek Svatos Éric Desjardins Jeff Woywitka
Last Minutes Defensive
Center Left Wing Right Wing Defense Defense
Robert Nilsson Mike York Marek Svatos Éric Desjardins Jeff Woywitka
Goaltenders
Starting : Kari Lehtonen
Backup : Mikael Tellqvist
Extra Forwards
Normal : Tyler Arnason, Ryane Clowe, Ryan Bayda - PP : Tyler Arnason, Ryane Clowe - PK : Ryan Bayda
Extra Defensemen
Normal : Shane O'Brien, Mark Stuart, Tomas Kloucek - PP : Shane O'Brien - PK : Mark Stuart, Tomas Kloucek
Penalty Shots
Robert Nilsson, Viktor Kozlov, Mike York, Alexei Yashin, Tomas Holmstrom
Sabres
5 vs 5 Forward
Center Left Wing Right Wing Time % Phy DF OF
1 Mats Sundin Markus Naslund Niclas Bergfors 30 1 2 2
2 Brendan Morrison Sean Avery Daniel Alfredsson 30 1 2 2
3 Paul Gaustad Chris Simon Daniel Cleary 22 2 2 1
4 Boyd Devereaux Curtis Glencross Niklas Sundstrom 18 1 3 1
5 vs 5 Defense
Defense Defense Time % Phy DF OF
1 Jason Smith Michal Rozsival 36 1 3 1
2 Ole-Kristian Tollefsen Niclas Havelid 34 1 3 1
3 Mattias Timander Ladislav Smid 30 1 3 1
4 Jason Smith Michal Rozsival 0 1 3 1
PowerPlay Forward
Center Left Wing Right Wing Time % Phy DF OF
1 Mats Sundin Markus Naslund Daniel Alfredsson 65 2 0 3
2 Brendan Morrison Paul Gaustad Niclas Bergfors 35 1 0 4
PowerPlay Defense
Defense Defense Time % Phy DF OF
1 Jason Smith Michal Rozsival 65 1 2 2
2 Mattias Timander Niclas Havelid 35 1 2 2
Penalty Kill 4 Players Forward
Center Wing Time % Phy DF OF
1 Brendan Morrison Daniel Alfredsson 50 1 3 1
2 Mats Sundin Markus Naslund 50 1 3 1
Penalty Kill 4 Players Defense
Defense Defense Time % Phy DF OF
1 Jason Smith Michal Rozsival 65 1 3 1
2 Ole-Kristian Tollefsen Ladislav Smid 35 1 4 0
Penalty Kill - 3 Players Forward
Forward Time % Phy DF OF
1 Daniel Alfredsson 50 1 4 0
2 Markus Naslund 50 1 4 0
Penalty Kill - 3 Players Defense
Defense Defense Time % Phy DF OF
1 Jason Smith Michal Rozsival 65 1 4 0
2 Ole-Kristian Tollefsen Ladislav Smid 35 1 4 0
4 vs 4 Forward
Center Wing Time % Phy DF OF
1 Mats Sundin Markus Naslund 50 1 2 2
2 Brendan Morrison Daniel Alfredsson 50 1 2 2
4 vs 4 Defense
Defense Defense Time % Phy DF OF
1 Jason Smith Michal Rozsival 60 1 2 2
2 Mattias Timander Niclas Havelid 40 1 3 1
Last Minutes Offensive
Center Left Wing Right Wing Defense Defense
Mats Sundin Markus Naslund Daniel Alfredsson Jason Smith Michal Rozsival
Last Minutes Defensive
Center Left Wing Right Wing Defense Defense
Mats Sundin Markus Naslund Daniel Alfredsson Jason Smith Michal Rozsival
Goaltenders
Starting : Michal Neuvirth
Backup : Dan Cloutier
Extra Forwards
Normal : Niclas Bergfors, Paul Gaustad, Daniel Cleary - PP : Daniel Cleary, Niklas Sundstrom - PK : Paul Gaustad
Extra Defensemen
Normal : Mattias Timander, Ladislav Smid, Ole-Kristian Tollefsen - PP : Ole-Kristian Tollefsen - PK : Mattias Timander, Niclas Havelid
Penalty Shots
Daniel Alfredsson, Markus Naslund, Mats Sundin, Niclas Bergfors, Brendan Morrison
% Time on Ice - Canadiens
Lines # - Real PCT - Wanted PCT - Time Play
Normal Forward
1 - 36% - 40% - 14:14
2 - 24% - 30% - 9:36
3 - 21% - 20% - 8:31
4 - 19% - 10% - 7:24
Normal Defense
1 - 40% - 40% - 15:59
2 - 38% - 30% - 15:05
3 - 19% - 20% - 7:34
4 - 3% - 10% - 1:07
PP Forward
1 - 51% - 60% - 5:39
2 - 49% - 40% - 5:20
PP Defense
1 - 53% - 60% - 5:49
2 - 47% - 40% - 5:10
PK Forward
1 - 82% - 60% - 2:15
2 - 18% - 40% - 0:30
PK Defense
1 - 55% - 60% - 1:31
2 - 45% - 40% - 1:14
PK3 Forward
1 - 0% - 60%
2 - 0% - 40%
PK3 Defense
1 - 0% - 60%
2 - 0% - 40%
44 Forward
1 - 80% - 60% - 5:11
2 - 20% - 40% - 1:20
44 Defense
1 - 79% - 60% - 5:09
2 - 21% - 40% - 1:22
Last Minute Offensive - 0:00
Last Minute Defensive - 0:00
Total
Forward - 60:00
Defense - 60:00
|
% Time on Ice - Sabres
Lines # - Real PCT - Wanted PCT - Time Play
Normal Forward
1 - 31% - 30% - 12:22
2 - 30% - 30% - 12:00
3 - 17% - 22% - 6:42
4 - 22% - 18% - 8:41
Normal Defense
1 - 38% - 36% - 15:00
2 - 35% - 34% - 13:50
3 - 27% - 30% - 10:55
4 - 0% - 0% - 0:00
PP Forward
1 - 47% - 65% - 1:18
2 - 53% - 35% - 1:27
PP Defense
1 - 32% - 65% - 0:53
2 - 68% - 35% - 1:52
PK Forward
1 - 47% - 50% - 5:12
2 - 53% - 50% - 5:47
PK Defense
1 - 59% - 65% - 6:27
2 - 41% - 35% - 4:32
PK3 Forward
1 - 0% - 50%
2 - 0% - 50%
PK3 Defense
1 - 0% - 65%
2 - 0% - 35%
44 Forward
1 - 51% - 50% - 3:21
2 - 49% - 50% - 3:10
44 Defense
1 - 73% - 60% - 4:45
2 - 27% - 40% - 1:46
Last Minute Offensive - 0:00
Last Minute Defensive - 0:00
Total
Forward - 60:00
Defense - 60:00
|
Play by Play
1st period
0:01 of 1st period - Mats Sundin wins face-off versus Marek Svatos in neutral zone.
0:04 of 1st period - Slapshot by Michal Rozsival.
0:04 of 1st period - Shot Misses the Net.
0:58 of 1st period - Snap shot by Paul Gaustad.
0:58 of 1st period - Shot Misses the Net.
2:39 of 1st period - Robert Nilsson is hit by Ole-Kristian Tollefsen and loses puck.
2:46 of 1st period - Slapshot by Marek Svatos.
2:46 of 1st period - Shot Blocked by Mats Sundin.
2:46 of 1st period - Mats Sundin from Sabres is injured at 2:46 of 1st period (Sprained Left Ankle).
2:47 of 1st period - Markus Naslund wins face-off versus Viktor Kozlov in Sabres zone.
2:58 of 1st period - Snap shot by Markus Naslund.
2:58 of 1st period - Stopped by Kari Lehtonen without a rebound.
2:59 of 1st period - Brendan Morrison wins face-off versus Robert Nilsson in Canadiens zone.
3:25 of 1st period - Viktor Kozlov is hit by Paul Gaustad and loses puck.
4:34 of 1st period - Snap shot by Tomas Holmstrom.
4:34 of 1st period - Stopped by Michal Neuvirth without a rebound.
4:35 of 1st period - Viktor Kozlov wins face-off versus Paul Gaustad in Sabres zone.
5:27 of 1st period - Snap shot by Michel Ouellet.
5:27 of 1st period - Shot Misses the Net.
6:09 of 1st period - Michal Rozsival is hit by Mike York and loses puck.
6:48 of 1st period - Wrist shot by Michel Ouellet.
6:48 of 1st period - Shot Blocked by Daniel Cleary.
7:18 of 1st period - Wrist shot by Patrick Eaves.
7:18 of 1st period - Stopped by Michal Neuvirth with a rebound.
7:38 of 1st period - Éric Desjardins is hit by Ole-Kristian Tollefsen and loses puck.
7:46 of 1st period - Icing by Marek Svatos.
7:47 of 1st period - Boyd Devereaux wins face-off versus Viktor Kozlov in Canadiens zone.
8:18 of 1st period - Slapshot by Curtis Glencross.
8:18 of 1st period - Shot Misses the Net.
8:20 of 1st period - Slapshot by Ladislav Smid.
8:20 of 1st period - Shot Blocked by Marek Svatos.
8:22 of 1st period - Slapshot by Brendan Morrison.
8:22 of 1st period - Shot Blocked by Mark Stuart.
8:24 of 1st period - Slapshot by Ladislav Smid.
8:24 of 1st period - Deflect By Daniel Alfredsson.
8:24 of 1st period - Shot Misses the Net.
8:24 of 1st period - Puck is out of play.
8:25 of 1st period - Viktor Kozlov wins face-off versus Paul Gaustad in Canadiens zone.
8:40 of 1st period - Slapshot by Chris Simon.
8:40 of 1st period - Stopped by Kari Lehtonen without a rebound.
8:41 of 1st period - Paul Gaustad wins face-off versus Robert Nilsson in Canadiens zone.
8:42 of 1st period - Snap shot by Markus Naslund.
8:42 of 1st period - Stopped by Kari Lehtonen without a rebound.
8:43 of 1st period - Paul Gaustad wins face-off versus Robert Nilsson in Canadiens zone.
8:44 of 1st period - Slapshot by Markus Naslund.
8:44 of 1st period - Goal by Markus Naslund - Canadiens : 0 - Sabres : 1.
8:45 of 1st period - Paul Gaustad wins face-off versus Marek Svatos in neutral zone.
9:12 of 1st period - Ryane Clowe is hit by Jason Smith and loses puck.
9:27 of 1st period - Ladislav Smid is hit by Richard Zednik and loses puck.
9:48 of 1st period - Slapshot by Daniel Alfredsson.
9:48 of 1st period - Deflect By Sean Avery.
9:48 of 1st period - Stopped by Kari Lehtonen with a rebound.
9:50 of 1st period - Slapshot by Ladislav Smid.
9:50 of 1st period - Stopped by Kari Lehtonen with a rebound.
9:52 of 1st period - Snap shot by Daniel Alfredsson.
9:52 of 1st period - Deflect By Sean Avery.
9:52 of 1st period - Shot Blocked by Ryane Clowe.
9:52 of 1st period - Puck is out of play.
9:53 of 1st period - Robert Nilsson wins face-off versus Paul Gaustad in Canadiens zone.
9:53 of 1st period - Minor Penalty to Niclas Havelid for Hooking.
9:54 of 1st period - Paul Gaustad wins face-off versus Robert Nilsson in Sabres zone.
10:03 of 1st period - Wrist shot by Markus Naslund.
10:03 of 1st period - Stopped by Kari Lehtonen with a rebound.
10:25 of 1st period - Snap shot by Marek Svatos.
10:25 of 1st period - Shot Misses the Net.
10:55 of 1st period - Snap shot by Viktor Kozlov.
10:55 of 1st period - Shot Blocked by Markus Naslund.
11:31 of 1st period - Robert Nilsson is hit by Chris Simon.
11:53 of 1st period - Penalty to Niclas Havelid is over, Niclas Havelid is back on ice.
12:03 of 1st period - Slapshot by Niklas Sundstrom.
12:03 of 1st period - Shot Misses the Net.
13:27 of 1st period - Snap shot by Alexei Yashin.
13:27 of 1st period - Stopped by Michal Neuvirth with a rebound.
13:37 of 1st period - Tomas Kloucek is hit by Chris Simon and loses puck.
13:38 of 1st period - Tomas Kloucek from Canadiens is injured at 13:38 of 1st period (Bruised Right Shoulder).
13:39 of 1st period - Robert Nilsson wins face-off versus Niclas Bergfors in Canadiens zone.
14:17 of 1st period - Snap shot by Curtis Glencross.
14:17 of 1st period - Shot Misses the Net.
14:22 of 1st period - Minor Penalty to Brendan Morrison for Hooking.
14:23 of 1st period - Viktor Kozlov wins face-off versus Paul Gaustad in Sabres zone.
14:24 of 1st period - Wrist shot by Tomas Holmstrom.
14:24 of 1st period - Shot Misses the Net.
16:11 of 1st period - Markus Naslund is hit by Mike York and loses puck.
16:22 of 1st period - Penalty to Brendan Morrison is over, Brendan Morrison is back on ice.
16:35 of 1st period - Boyd Devereaux is hit by Éric Desjardins and loses puck.
16:39 of 1st period - Minor Penalty to Michel Ouellet for Hooking.
16:40 of 1st period - Brendan Morrison wins face-off versus Robert Nilsson in Canadiens zone.
16:49 of 1st period - Backhand shot by Paul Gaustad.
16:49 of 1st period - Deflect By Niclas Bergfors.
16:49 of 1st period - Shot Misses the Net.
16:49 of 1st period - Puck is out of play.
16:50 of 1st period - Brendan Morrison wins face-off versus Robert Nilsson in Canadiens zone.
16:57 of 1st period - Slapshot by Paul Gaustad.
16:57 of 1st period - Stopped by Kari Lehtonen with a rebound.
17:57 of 1st period - Snap shot by Markus Naslund.
17:57 of 1st period - Stopped by Kari Lehtonen with a rebound.
17:59 of 1st period - Wrist shot by Daniel Alfredsson.
17:59 of 1st period - Goal by Daniel Alfredsson - Canadiens : 0 - Sabres : 2.
18:00 of 1st period - Boyd Devereaux wins face-off versus Robert Nilsson in neutral zone.
18:14 of 1st period - Jason Smith is hit by Robert Nilsson and loses puck.
19:03 of 1st period - Slapshot by Paul Gaustad.
19:03 of 1st period - Shot Hit the Post.
19:32 of 1st period - Icing by Jason Smith.
19:33 of 1st period - Boyd Devereaux wins face-off versus Tyler Arnason in Sabres zone.
19:42 of 1st period - Snap shot by Boyd Devereaux.
19:42 of 1st period - Stopped by Kari Lehtonen with a rebound.
19:44 of 1st period - Slapshot by Jason Smith.
19:44 of 1st period - Goal by Jason Smith - Canadiens : 0 - Sabres : 3.
19:45 of 1st period - Robert Nilsson wins face-off versus Paul Gaustad in neutral zone.
19:53 of 1st period - Icing by Niclas Bergfors.
19:54 of 1st period - Robert Nilsson wins face-off versus Paul Gaustad in Sabres zone.
2nd period
0:01 of 2nd period - Paul Gaustad wins face-off versus Robert Nilsson in neutral zone.
0:16 of 2nd period - Snap shot by Markus Naslund.
0:16 of 2nd period - Stopped by Kari Lehtonen with a rebound.
0:51 of 2nd period - Tomas Holmstrom is hit by Curtis Glencross and loses puck.
1:10 of 2nd period - Slapshot by Chris Simon.
1:10 of 2nd period - Shot Misses the Net.
1:12 of 2nd period - Snap shot by Niclas Havelid.
1:12 of 2nd period - Stopped by Kari Lehtonen with a rebound.
1:14 of 2nd period - Slapshot by Niclas Havelid.
1:14 of 2nd period - Shot Blocked by Shane O'Brien.
1:16 of 2nd period - Wrist shot by Ole-Kristian Tollefsen.
1:16 of 2nd period - Shot Blocked by Shane O'Brien.
1:18 of 2nd period - Backhand shot by Ole-Kristian Tollefsen.
1:18 of 2nd period - Shot Blocked by Tyler Arnason.
1:20 of 2nd period - Slapshot by Paul Gaustad.
1:20 of 2nd period - Goal by Paul Gaustad - Canadiens : 0 - Sabres : 4.
1:20 of 2nd period - Mikael Tellqvist enters game.
1:21 of 2nd period - Robert Nilsson wins face-off versus Paul Gaustad in neutral zone.
1:25 of 2nd period - Wrist shot by Marek Svatos.
1:25 of 2nd period - Stopped by Michal Neuvirth without a rebound.
1:26 of 2nd period - Paul Gaustad wins face-off versus Robert Nilsson in Sabres zone.
1:26 of 2nd period - Paul Gaustad is hit by Marek Svatos.
1:31 of 2nd period - Off-side.
1:32 of 2nd period - Robert Nilsson wins face-off versus Paul Gaustad in neutral zone.
1:42 of 2nd period - Minor Penalty to Paul Gaustad for Interference.
1:43 of 2nd period - Brendan Morrison wins face-off versus Robert Nilsson in Sabres zone.
2:32 of 2nd period - Ole-Kristian Tollefsen is hit by Viktor Kozlov and loses puck.
2:39 of 2nd period - Wrist shot by Tomas Holmstrom.
2:39 of 2nd period - Shot Blocked by Markus Naslund.
2:43 of 2nd period - Snap shot by Viktor Kozlov.
2:43 of 2nd period - Shot Misses the Net.
3:11 of 2nd period - Jason Smith is hit by Viktor Kozlov and loses puck.
3:16 of 2nd period - Slapshot by Tomas Holmstrom.
3:16 of 2nd period - Stopped by Michal Neuvirth with a rebound.
3:18 of 2nd period - Wrist shot by Jeff Woywitka.
3:18 of 2nd period - Stopped by Michal Neuvirth with a rebound.
3:20 of 2nd period - Backhand shot by Jeff Woywitka.
3:20 of 2nd period - Goal by Jeff Woywitka - Canadiens : 1 - Sabres : 4.
3:21 of 2nd period - Brendan Morrison wins face-off versus Robert Nilsson in neutral zone.
3:52 of 2nd period - Backhand shot by Chris Simon.
3:52 of 2nd period - Shot Misses the Net.
3:54 of 2nd period - Slapshot by Michal Rozsival.
3:54 of 2nd period - Deflect By Daniel Cleary.
3:54 of 2nd period - Stopped by Mikael Tellqvist without a rebound.
3:55 of 2nd period - Robert Nilsson wins face-off versus Paul Gaustad in Canadiens zone.
4:02 of 2nd period - Snap shot by Markus Naslund.
4:02 of 2nd period - Stopped by Mikael Tellqvist with a rebound.
4:04 of 2nd period - Wrist shot by Niclas Bergfors.
4:04 of 2nd period - Shot Blocked by Tyler Sloan.
4:06 of 2nd period - Snap shot by Markus Naslund.
4:06 of 2nd period - Stopped by Mikael Tellqvist with a rebound.
4:20 of 2nd period - Marek Svatos is hit by Niklas Sundstrom and loses puck.
4:25 of 2nd period - Snap shot by Niklas Sundstrom.
4:25 of 2nd period - Shot Misses the Net.
4:27 of 2nd period - Wrist shot by Curtis Glencross.
4:27 of 2nd period - Stopped by Mikael Tellqvist with a rebound.
4:47 of 2nd period - Daniel Alfredsson is hit by Ryane Clowe and loses puck.
4:52 of 2nd period - Snap shot by Ryane Clowe.
4:52 of 2nd period - Shot Misses the Net.
4:54 of 2nd period - Wrist shot by Viktor Kozlov.
4:54 of 2nd period - Shot Misses the Net.
4:56 of 2nd period - Snap shot by Ryane Clowe.
4:56 of 2nd period - Shot Misses the Net.
5:51 of 2nd period - Wrist shot by Boyd Devereaux.
5:51 of 2nd period - Stopped by Mikael Tellqvist with a rebound.
5:53 of 2nd period - Snap shot by Niklas Sundstrom.
5:53 of 2nd period - Stopped by Mikael Tellqvist without a rebound.
5:54 of 2nd period - Alexei Yashin wins face-off versus Daniel Cleary in Canadiens zone.
5:54 of 2nd period - Alexei Yashin is hit by Markus Naslund.
6:00 of 2nd period - Ladislav Smid is hit by Alexei Yashin and loses puck.
6:02 of 2nd period - Minor Penalty to Mattias Timander for Holding.
6:03 of 2nd period - Brendan Morrison wins face-off versus Robert Nilsson in Sabres zone.
6:11 of 2nd period - Off-side.
6:12 of 2nd period - Brendan Morrison wins face-off versus Robert Nilsson in neutral zone.
6:17 of 2nd period - Wrist shot by Daniel Alfredsson.
6:17 of 2nd period - Shot Misses the Net.
6:19 of 2nd period - Slapshot by Jason Smith.
6:19 of 2nd period - Deflect By Daniel Alfredsson.
6:19 of 2nd period - Shot Misses the Net.
6:19 of 2nd period - Puck is out of play.
6:20 of 2nd period - Brendan Morrison wins face-off versus Robert Nilsson in Canadiens zone.
8:02 of 2nd period - Penalty to Mattias Timander is over, Mattias Timander is back on ice.
8:10 of 2nd period - Boyd Devereaux is hit by Ryan Bayda.
8:14 of 2nd period - Tyler Sloan is hit by Curtis Glencross and loses puck.
8:57 of 2nd period - Ladislav Smid is hit by Shane O'Brien and loses puck.
9:16 of 2nd period - Wrist shot by Curtis Glencross.
9:16 of 2nd period - Shot Blocked by Mark Stuart.
9:18 of 2nd period - Slapshot by Ladislav Smid.
9:18 of 2nd period - Deflect By Niklas Sundstrom.
9:18 of 2nd period - Stopped by Mikael Tellqvist with a rebound.
9:22 of 2nd period - Wrist shot by Curtis Glencross.
9:22 of 2nd period - Deflect By Niklas Sundstrom.
9:22 of 2nd period - Shot Hit the Post.
9:22 of 2nd period - Puck is out of play.
9:23 of 2nd period - Brendan Morrison wins face-off versus Alexei Yashin in Canadiens zone.
9:35 of 2nd period - Daniel Alfredsson is hit by Tyler Sloan and loses puck.
9:57 of 2nd period - Snap shot by Daniel Alfredsson.
9:57 of 2nd period - Shot Misses the Net.
9:59 of 2nd period - Slapshot by Daniel Alfredsson.
9:59 of 2nd period - Sabres goal is going for a video replay.
9:59 of 2nd period - The goal is good.
9:59 of 2nd period - Goal by Daniel Alfredsson - Canadiens : 1 - Sabres : 5.
10:00 of 2nd period - Robert Nilsson wins face-off versus Paul Gaustad in neutral zone.
10:03 of 2nd period - Slapshot by Marek Svatos.
10:03 of 2nd period - Shot Misses the Net.
10:13 of 2nd period - Snap shot by Marek Svatos.
10:13 of 2nd period - Stopped by Michal Neuvirth with a rebound.
10:15 of 2nd period - Snap shot by Marek Svatos.
10:15 of 2nd period - Shot Misses the Net.
10:27 of 2nd period - Viktor Kozlov is hit by Brendan Morrison and loses puck.
10:56 of 2nd period - Tomas Holmstrom is hit by Curtis Glencross.
12:07 of 2nd period - Jeff Woywitka is hit by Michal Rozsival and loses puck.
12:30 of 2nd period - Snap shot by Patrick Eaves.
12:30 of 2nd period - Deflect By Tomas Holmstrom.
12:30 of 2nd period - Stopped by Michal Neuvirth with a rebound.
12:32 of 2nd period - Snap shot by Éric Desjardins.
12:32 of 2nd period - Deflect By Tomas Holmstrom.
12:32 of 2nd period - Shot Blocked by Jason Smith.
12:32 of 2nd period - Puck is out of play.
12:33 of 2nd period - Sean Avery wins face-off versus Viktor Kozlov in Sabres zone.
12:44 of 2nd period - Slapshot by Brendan Morrison.
12:44 of 2nd period - Stopped by Mikael Tellqvist with a rebound.
12:50 of 2nd period - Sean Avery is hit by Viktor Kozlov and loses puck.
13:10 of 2nd period - Snap shot by Daniel Alfredsson.
13:10 of 2nd period - Stopped by Mikael Tellqvist without a rebound.
13:11 of 2nd period - Paul Gaustad wins face-off versus Robert Nilsson in Canadiens zone.
13:11 of 2nd period - Markus Naslund and Robert Nilsson fight to a draw.
13:11 of 2nd period - Penalty to Markus Naslund for Fighting.
13:11 of 2nd period - Penalty to Robert Nilsson for Fighting.
13:12 of 2nd period - Tyler Arnason wins face-off versus Paul Gaustad in Canadiens zone.
13:14 of 2nd period - Niclas Bergfors beats up Éric Desjardins.
13:14 of 2nd period - Penalty to Niclas Bergfors for Fighting.
13:14 of 2nd period - Penalty to Éric Desjardins for Fighting.
13:15 of 2nd period - Tyler Arnason wins face-off versus Paul Gaustad in neutral zone.
13:22 of 2nd period - Snap shot by Marek Svatos.
13:22 of 2nd period - Stopped by Michal Neuvirth without a rebound.
13:23 of 2nd period - Tyler Arnason wins face-off versus Paul Gaustad in Sabres zone.
13:24 of 2nd period - Snap shot by Mike York.
13:24 of 2nd period - Stopped by Michal Neuvirth with a rebound.
13:26 of 2nd period - Wrist shot by Marek Svatos.
13:26 of 2nd period - Stopped by Michal Neuvirth with a rebound.
13:28 of 2nd period - Wrist shot by Tyler Arnason.
13:28 of 2nd period - Shot Misses the Net.
13:30 of 2nd period - Snap shot by Tyler Arnason.
13:30 of 2nd period - Stopped by Michal Neuvirth with a rebound.
13:33 of 2nd period - Minor Penalty to Paul Gaustad for High sticking.
13:33 of 2nd period - Minor Penalty to Marek Svatos for Tripping.
13:34 of 2nd period - Daniel Cleary wins face-off versus Tyler Arnason in Sabres zone.
13:45 of 2nd period - Snap shot by Chris Simon.
13:45 of 2nd period - Goal by Chris Simon - Canadiens : 1 - Sabres : 6.
13:46 of 2nd period - Tyler Arnason wins face-off versus Brendan Morrison in neutral zone.
14:46 of 2nd period - Backhand shot by Curtis Glencross.
14:46 of 2nd period - Stopped by Mikael Tellqvist without a rebound.
14:47 of 2nd period - Ryan Bayda wins face-off versus Boyd Devereaux in Canadiens zone.
15:04 of 2nd period - Michal Rozsival is hit by Shane O'Brien and loses puck.
15:33 of 2nd period - Penalty to Paul Gaustad is over, Paul Gaustad is back on ice.
15:33 of 2nd period - Penalty to Marek Svatos is over, Marek Svatos is back on ice.
15:36 of 2nd period - Icing by Shane O'Brien.
15:37 of 2nd period - Paul Gaustad wins face-off versus Ryane Clowe in Canadiens zone.
16:00 of 2nd period - Wrist shot by Viktor Kozlov.
16:00 of 2nd period - Stopped by Michal Neuvirth without a rebound.
16:01 of 2nd period - Alexei Yashin wins face-off versus Paul Gaustad in Sabres zone.
16:20 of 2nd period - Michal Rozsival is hit by Patrick Eaves and loses puck.
17:19 of 2nd period - Niclas Havelid is hit by Tomas Holmstrom.
17:56 of 2nd period - Slapshot by Ole-Kristian Tollefsen.
17:56 of 2nd period - Shot Blocked by Jeff Woywitka.
19:38 of 2nd period - Icing by Daniel Alfredsson.
19:39 of 2nd period - Alexei Yashin wins face-off versus Boyd Devereaux in Sabres zone.
3rd period
0:01 of 3rd period - Paul Gaustad wins face-off versus Robert Nilsson in neutral zone.
0:26 of 3rd period - Daniel Alfredsson is hit by Viktor Kozlov and loses puck.
0:35 of 3rd period - Slapshot by Michal Rozsival.
0:35 of 3rd period - Deflect By Brendan Morrison.
0:35 of 3rd period - Stopped by Mikael Tellqvist without a rebound.
0:36 of 3rd period - Tomas Holmstrom wins face-off versus Paul Gaustad in Canadiens zone.
0:36 of 3rd period - Tomas Holmstrom is hit by Michal Rozsival.
0:42 of 3rd period - Snap shot by Paul Gaustad.
0:42 of 3rd period - Deflect By Chris Simon.
0:42 of 3rd period - Shot Misses the Net.
0:42 of 3rd period - Puck is out of play.
0:43 of 3rd period - Paul Gaustad wins face-off versus Tomas Holmstrom in Canadiens zone.
0:48 of 3rd period - Snap shot by Paul Gaustad.
0:48 of 3rd period - Shot Blocked by Shane O'Brien.
0:54 of 3rd period - Wrist shot by Paul Gaustad.
0:54 of 3rd period - Stopped by Mikael Tellqvist without a rebound.
0:55 of 3rd period - Brendan Morrison wins face-off versus Robert Nilsson in Canadiens zone.
1:10 of 3rd period - Wrist shot by Robert Nilsson.
1:10 of 3rd period - Shot Blocked by Jason Smith.
1:27 of 3rd period - Snap shot by Richard Zednik.
1:27 of 3rd period - Stopped by Michal Neuvirth with a rebound.
1:30 of 3rd period - Minor Penalty to Richard Zednik for High sticking.
1:31 of 3rd period - Daniel Cleary wins face-off versus Robert Nilsson in Canadiens zone.
2:40 of 3rd period - Minor Penalty to Brendan Morrison for Roughing.
2:41 of 3rd period - Niclas Bergfors wins face-off versus Robert Nilsson in Sabres zone.
3:30 of 3rd period - Penalty to Richard Zednik is over, Richard Zednik is back on ice.
4:40 of 3rd period - Penalty to Brendan Morrison is over, Brendan Morrison is back on ice.
4:57 of 3rd period - Ryan Bayda is hit by Curtis Glencross and loses puck.
5:30 of 3rd period - Niclas Havelid is hit by Michel Ouellet and loses puck.
5:34 of 3rd period - Minor Penalty to Ryan Bayda for Hooking.
5:35 of 3rd period - Daniel Alfredsson wins face-off versus Robert Nilsson in Canadiens zone.
5:37 of 3rd period - Minor Penalty to Daniel Cleary for Holding.
5:38 of 3rd period - Robert Nilsson wins face-off versus Daniel Alfredsson in Sabres zone.
5:41 of 3rd period - Snap shot by Robert Nilsson.
5:41 of 3rd period - Stopped by Michal Neuvirth with a rebound.
5:43 of 3rd period - Slapshot by Éric Desjardins.
5:43 of 3rd period - Shot Blocked by Daniel Alfredsson.
6:05 of 3rd period - Viktor Kozlov is hit by Michal Rozsival and loses puck.
6:10 of 3rd period - Wrist shot by Markus Naslund.
6:10 of 3rd period - Stopped by Mikael Tellqvist without a rebound.
6:11 of 3rd period - Niclas Bergfors wins face-off versus Robert Nilsson in Canadiens zone.
6:45 of 3rd period - Snap shot by Brendan Morrison.
6:45 of 3rd period - Stopped by Mikael Tellqvist without a rebound.
6:46 of 3rd period - Robert Nilsson wins face-off versus Niclas Bergfors in Canadiens zone.
6:57 of 3rd period - Wrist shot by Alexei Yashin.
6:57 of 3rd period - Shot Misses the Net.
7:34 of 3rd period - Penalty to Ryan Bayda is over, Ryan Bayda is back on ice.
7:37 of 3rd period - Penalty to Daniel Cleary is over, Daniel Cleary is back on ice.
7:46 of 3rd period - Slapshot by Daniel Cleary.
7:46 of 3rd period - Shot Misses the Net.
8:11 of 3rd period - Off-side.
8:12 of 3rd period - Alexei Yashin wins face-off versus Curtis Glencross in neutral zone.
8:17 of 3rd period - Snap shot by Patrick Eaves.
8:17 of 3rd period - Shot Misses the Net.
8:19 of 3rd period - Slapshot by Éric Desjardins.
8:19 of 3rd period - Shot Blocked by Curtis Glencross.
8:21 of 3rd period - Slapshot by Jeff Woywitka.
8:21 of 3rd period - Stopped by Michal Neuvirth without a rebound.
8:22 of 3rd period - Robert Nilsson wins face-off versus Brendan Morrison in Sabres zone.
8:59 of 3rd period - Michal Rozsival is hit by Jeff Woywitka and loses puck.
9:18 of 3rd period - Slapshot by Jeff Woywitka.
9:18 of 3rd period - Shot Misses the Net.
9:38 of 3rd period - Slapshot by Éric Desjardins.
9:38 of 3rd period - Stopped by Michal Neuvirth with a rebound.
9:40 of 3rd period - Slapshot by Tomas Holmstrom.
9:40 of 3rd period - Stopped by Michal Neuvirth with a rebound.
9:42 of 3rd period - Slapshot by Alexei Yashin.
9:42 of 3rd period - Deflect By Patrick Eaves.
9:42 of 3rd period - Shot Misses the Net.
9:42 of 3rd period - Puck is out of play.
9:43 of 3rd period - Brendan Morrison wins face-off versus Robert Nilsson in Sabres zone.
10:33 of 3rd period - Éric Desjardins is hit by Boyd Devereaux and loses puck.
10:35 of 3rd period - Minor Penalty to Ryan Bayda for Tripping.
10:36 of 3rd period - Daniel Cleary wins face-off versus Robert Nilsson in Canadiens zone.
10:39 of 3rd period - Snap shot by Daniel Alfredsson.
10:39 of 3rd period - Deflect By Éric Desjardins.
10:39 of 3rd period - Shot Misses the Net.
10:39 of 3rd period - Puck is out of play.
10:40 of 3rd period - Robert Nilsson wins face-off versus Daniel Cleary in Canadiens zone.
10:40 of 3rd period - Robert Nilsson is hit by Daniel Alfredsson.
10:47 of 3rd period - Minor Penalty to Daniel Cleary for Boarding.
10:48 of 3rd period - Daniel Alfredsson wins face-off versus Viktor Kozlov in Sabres zone.
10:55 of 3rd period - Wrist shot by Robert Nilsson.
10:55 of 3rd period - Stopped by Michal Neuvirth with a rebound.
10:57 of 3rd period - Wrist shot by Viktor Kozlov.
10:57 of 3rd period - Shot Misses the Net.
10:59 of 3rd period - Slapshot by Jeff Woywitka.
10:59 of 3rd period - Deflect By Viktor Kozlov.
10:59 of 3rd period - Deflect By Brendan Morrison.
10:59 of 3rd period - Shot Misses the Net.
10:59 of 3rd period - Puck is out of play.
11:00 of 3rd period - Robert Nilsson wins face-off versus Brendan Morrison in Sabres zone.
11:03 of 3rd period - Wrist shot by Robert Nilsson.
11:03 of 3rd period - Goal by Robert Nilsson - Canadiens : 2 - Sabres : 6.
11:04 of 3rd period - Robert Nilsson wins face-off versus Brendan Morrison in neutral zone.
11:09 of 3rd period - Slapshot by Jeff Woywitka.
11:09 of 3rd period - Stopped by Michal Neuvirth with a rebound.
11:11 of 3rd period - Slapshot by Jeff Woywitka.
11:11 of 3rd period - Deflect By Michal Rozsival.
11:11 of 3rd period - Stopped by Michal Neuvirth without a rebound.
11:12 of 3rd period - Robert Nilsson wins face-off versus Brendan Morrison in Sabres zone.
11:25 of 3rd period - Snap shot by Robert Nilsson.
11:25 of 3rd period - Stopped by Michal Neuvirth with a rebound.
11:27 of 3rd period - Snap shot by Viktor Kozlov.
11:27 of 3rd period - Goal by Viktor Kozlov - Canadiens : 3 - Sabres : 6.
11:28 of 3rd period - Niclas Bergfors wins face-off versus Robert Nilsson in neutral zone.
11:41 of 3rd period - Wrist shot by Niclas Bergfors.
11:41 of 3rd period - Stopped by Mikael Tellqvist without a rebound.
11:42 of 3rd period - Brendan Morrison wins face-off versus Robert Nilsson in Canadiens zone.
12:35 of 3rd period - Penalty to Ryan Bayda is over, Ryan Bayda is back on ice.
12:47 of 3rd period - Penalty to Daniel Cleary is over, Daniel Cleary is back on ice.
12:53 of 3rd period - Slapshot by Viktor Kozlov.
12:53 of 3rd period - Shot Misses the Net.
12:55 of 3rd period - Slapshot by Shane O'Brien.
12:55 of 3rd period - Stopped by Michal Neuvirth with a rebound.
12:59 of 3rd period - Wrist shot by Robert Nilsson.
12:59 of 3rd period - Stopped by Michal Neuvirth with a rebound.
13:01 of 3rd period - Slapshot by Tyler Sloan.
13:01 of 3rd period - Stopped by Michal Neuvirth without a rebound.
13:02 of 3rd period - Brendan Morrison wins face-off versus Alexei Yashin in Sabres zone.
13:32 of 3rd period - Daniel Cleary is hit by Michel Ouellet and loses puck.
13:37 of 3rd period - Slapshot by Michel Ouellet.
13:37 of 3rd period - Shot Misses the Net.
14:16 of 3rd period - Wrist shot by Daniel Alfredsson.
14:16 of 3rd period - Stopped by Mikael Tellqvist with a rebound.
14:19 of 3rd period - Minor Penalty to Jason Smith for Hooking.
14:20 of 3rd period - Viktor Kozlov wins face-off versus Brendan Morrison in Sabres zone.
14:21 of 3rd period - Slapshot by Tomas Holmstrom.
14:21 of 3rd period - Shot Blocked by Mattias Timander.
14:23 of 3rd period - Snap shot by Éric Desjardins.
14:23 of 3rd period - Deflect By Daniel Alfredsson.
14:23 of 3rd period - Stopped by Michal Neuvirth with a rebound.
14:45 of 3rd period - Jeff Woywitka is hit by Markus Naslund and loses puck.
14:50 of 3rd period - Wrist shot by Paul Gaustad.
14:50 of 3rd period - Shot Blocked by Jeff Woywitka.
16:19 of 3rd period - Penalty to Jason Smith is over, Jason Smith is back on ice.
16:53 of 3rd period - Backhand shot by Boyd Devereaux.
16:53 of 3rd period - Shot Blocked by Tyler Arnason.
17:45 of 3rd period - Niklas Sundstrom is hit by Tyler Sloan and loses puck.
17:58 of 3rd period - Ryan Bayda is hit by Sean Avery.
18:08 of 3rd period - Robert Nilsson is hit by Ole-Kristian Tollefsen and loses puck.
19:35 of 3rd period - Tyler Arnason is hit by Daniel Alfredsson and loses puck.
19:55 of 3rd period - Richard Zednik is hit by Ladislav Smid and loses puck.
Output by the SimonT Hockey Simulator (STHS) for François Prévost -- Original Page W3C XHTML 1.0 Valid